 Dungeon Crawl Stone Soup version 0.29.1-1-gd02db6906a (webtiles) character file.

Game seed: 3461488132959722090

458 safid the Skirmisher (level 6, -5/51 HPs)
             Began as a Minotaur Hunter on Sept 30, 2022.
             Slain by an ogre
             ... wielding a +0 giant club
              (19 damage)
             ... on level 4 of the Dungeon.
             The game lasted 00:05:51 (4175 turns).

safid the Skirmisher (Minotaur Hunter)              Turns: 4175, Time: 00:05:52

Health: -5/51      AC:  4    Str: 15    XL:     6   Next: 77%
Magic:  5/5        EV: 12    Int:  6    God:
Gold:   278        SH:  0    Dex: 22    Spells: 3/5 levels left

rFire   . . .      SeeInvis .   a - +0 shortbow
rCold   . . .      Faith    .   (shield currently unavailable)
rNeg    . . .      Spirit   .   c - +0 leather armour
rPois   +          Reflect  .   m - +0 hat
rElec   .          Harm     .   (no cloak)
rCorr   .          Rampage  .   (no gloves)
Will    .....                   q - +0 pair of boots
Stlth   ++........              (no amulet)
HPRegen 0.17/turn               s - ring of poison resistance
MPRegen 0.09/turn               u - +6 ring of dexterity

@: no status effects
A: horns 2, retaliatory headbutt
a: no special abilities


You were on level 4 of the Dungeon.
You visited 1 branch of the dungeon, and saw 4 of its levels.

You collected 278 gold pieces.

Inventory:

Hand Weapons
 a - a +0 shortbow (weapon)
Armour
 c - a +0 leather armour (worn)
 m - a +0 hat (worn)
 q - a +0 pair of boots (worn)
Jewellery
 s - a ring of poison resistance (left hand)
 t - a ring of see invisible
 u - a +6 ring of dexterity (right hand)
Scrolls
 b - a scroll of immolation
 d - 2 scrolls of amnesia {unknown}
 e - a scroll of enchant weapon {unknown}
 h - a scroll of vulnerability {unknown}
 k - 2 scrolls of identify {unknown}
 o - a scroll of fear {unknown}
 r - a scroll of butterflies {unknown}
 v - a scroll of blinking {unknown}
Potions
 f - 2 potions of heal wounds {unknown}
 g - 2 potions of berserk rage {unknown}
 i - 2 potions of mutation {unknown}
 j - a potion of brilliance {unknown}
 l - a potion of lignification {unknown}
 n - 3 potions of curing {unknown}
 p - 2 potions of attraction {unknown}


   Skills:
 - Level 3.0 Fighting
 + Level 8.9 Ranged Weapons
 - Level 2.1 Dodging
 - Level 0.7 Stealth


You had 3 spell levels left.
You knew the following spells:

 Your Spells              Type           Power      Damage    Failure   Level
a - Blink                 Tloc           0%         N/A       67%         2

Your spell library contained the following spells:

 Spells                   Type           Power      Damage    Failure   Level
 Freeze                   Ice            0%         1d3       52%         1
 Frozen Ramparts          Ice            0%         1d1       88%         3
 Lesser Beckoning         Tloc           0%         N/A       88%         3
 Hailstorm                Conj/Ice       0%         3d3       99%         4
 Manifold Assault         Tloc           0%         N/A       100%        5


Dungeon Overview and Level Annotations

Branches:
Dungeon (4/15)
 Temple: D:4-7

Altars:
Fedhas
Hepliaklqana
Kikubaaqudgha

Annotations:
D:2 1 runed translucent door, Crazy Yiuf


Innate Abilities, Weirdness & Mutations

You have a pair of horns on your head.
You reflexively headbutt those who attack you in melee.


Message History

Unknown command.
You see here an orb of guile.
You see here an orb of guile.
Found a stone staircase leading down.
You now have 250 gold pieces (gained 13).
Found a dagger.
Found a stone staircase leading up.
You see here a +0 dagger.
You now have 260 gold pieces (gained 10).
You now have 278 gold pieces (gained 18).
An ogre comes into view. It is wielding a +0 giant club.
An ogre is nearby!
You shoot an arrow. The arrow hits the ogre.
The ogre is lightly wounded.
You hear a shout!
You shoot an arrow. The arrow hits the ogre!
The ogre is heavily wounded.
A kobold comes into view. It is wielding a +0 whip.
You shoot an arrow.
The arrow hits the ogre but does no damage.
The ogre is heavily wounded.
You shoot an arrow. The arrow hits the ogre.
The ogre is severely wounded.
You shoot an arrow.
The arrow hits the ogre but does no damage.
The ogre is severely wounded.
The ogre hits you with a +0 giant club!!!
Ouch! That really hurt!
* * * LOW HITPOINT WARNING * * *
You are too injured to fight recklessly!
You are too injured to fight recklessly!
You are too injured to fight recklessly!
Unknown command.
Fire: a) +0 shortbow
Press: ? - help, Q - select action, (/) - cycle Shift-Dir - straight line, f/p - ogre
Aim: an ogre, wielding a +0 giant club (heavily wounded, 80% to hit)
You shoot an arrow. The arrow hits the ogre!
The ogre is almost dead.
The ogre hits you with a +0 giant club!!
You die...

.. ##....###............
.##
#..##.####...........
#.####.#####.....####
#..# ##.## ####..# #
##.## ##)## #..# ##
##.## #.)# #..###.
#..###..## #..##..
##.......####.##...
#@..........##....
#.O..........##.....
....K.........#.......
...................)....
.....#..................
....#................)..
.... ...................
... ....(...............
.....


You could see an ogre and a kobold.

Vanquished Creatures
  Sigmund (D:3)
  A phantom (D:4)
  Jessica (D:2)
  Terence (D:2)
  An iguana (D:3)
  3 adders
  6 gnolls (D:4)
  3 worms
  A dart slug (D:2)
  4 orcs
  3 bats
  4 endoplasms
  2 giant cockroaches (D:1)
  7 goblins
  7 hobgoblins
  5 quokkas
  2 ball pythons
  3 frilled lizards
  8 kobolds
  3 rats
66 creatures vanquished.

Vanquished Creatures (others)
  6 plants (D:3)
6 creatures vanquished.

Grand Total: 72 creatures vanquished

Notes
Turn   | Place    | Note
-------+----------+-------------------------------------------
     0 | D:1      | safid the Minotaur Hunter began the quest for the Orb.
     0 | D:1      | Reached XP level 1. HP: 18/18 MP: 0/0
    12 | D:1      | Found a faded altar of an unknown god.
   276 | D:1      | Reached XP level 2. HP: 11/26 MP: 1/1
   586 | D:1      | You fall into a shaft and drop 1 floor!
   998 | D:2      | Reached skill level 5 in Ranged Weapons
  1127 | D:2      | Reached XP level 3. HP: 31/31 MP: 2/2
  1130 | D:2      | Learned a level 2 spell: Blink
  1201 | D:2      | Noticed Jessica
  1205 | D:2      | Killed Jessica
  1222 | D:2      | Found a runed translucent door.
  1223 | D:2      | Noticed Crazy Yiuf
  1295 | D:2      | Noticed Terence
  1310 | D:2      | Killed Terence
  1311 | D:2      | Reached skill level 6 in Ranged Weapons
  1311 | D:2      | Reached XP level 4. HP: 13/38 MP: 3/3
  1615 | D:3      | Noticed Sigmund
  2110 | D:3      | Killed Sigmund
  2111 | D:3      | Reached skill level 7 in Ranged Weapons
  2111 | D:3      | Reached XP level 5. HP: 27/45 MP: 4/4
  2413 | D:3      | Reached skill level 8 in Ranged Weapons
  2413 | D:3      | Reached XP level 6. HP: 39/51 MP: 5/5
  2734 | D:3      | Found a hazy altar of Hepliaklqana.
  2768 | D:3      | Found an ancient bone altar of Kikubaaqudgha.
  2768 | D:3      | Found a blossoming altar of Fedhas.
  4175 | D:4      | Slain by an ogre

Illustrated notes

Levels and vault maps discovered:
D:1:      co_arrival_square_in_a_square_in_a_square, layout_basic,
          hellmonk_ecumenical_altar_pennies_from_heaven, st_stairs_12,
          minmay_split_cup_large
D:2:      layout_basic, uniq_crazy_yiuf_cottage, uniq_terence, uniq_jessica
D:3:      layout_loops_ring, grunt_temple_overflow_growth_and_decay,
          nzn_hepliaklqana_mist_gate, serial_bayou_crossing, uniq_sigmund
D:4:      layout_layer_cave, uniq_blork_the_orc

Skill      XL: |  1  2  3  4  5 |
---------------+----------------+-----
Fighting       | 3 |  3.0
Ranged Weapons | 5 6 7 8 |  8.9
Dodging        | |  2.1
Stealth        | |  0.7

Action                   |  1- 3 |  4- 6 || total
-------------------------+-------+-------++-------
 Fire: Shortbow          |   102 |   141 ||   243
Armor: Leather armour    |     8 |     7 ||    15
Dodge: Dodged            |    25 |    28 ||    53
